 Dungeon Crawl Stone Soup version 0.19.5 (webtiles) character file.

75919 Kisielow the Fencer (level 15, -7/137 HPs)
             Began as a Minotaur Fighter on May 24, 2017.
             Was the Champion of Okawaru.
             Killed by divine providence
             ... invoked by an orc high priest
              (14 damage)
             ... on level 2 of the Orcish Mines.
             The game lasted 00:44:35 (22103 turns).

Kisielow the Fencer (Minotaur Fighter)             Turns: 22103, Time: 00:44:36

Health: -7/137     AC: 33    Str: 29    XL:     15   Next: 11%
Magic:  18/22      EV: 27    Int:  5    God:    Okawaru [******]
Gold:   1932       SH:  0    Dex: 21    Spells: 0 memorised, 14 levels left

rFire  + . .     SeeInvis .     D - +8 triple sword (freeze)
rCold  . . .     Gourm    .     J - +13 plate armour of Integrity {rF+ Dex+3}
rNeg   . . .     Faith    .     (shield currently unavailable)
rPois  .         Spirit   .     (helmet unavailable)
rElec  .         Reflect  .     (no cloak)
rCorr  .         Harm     .     (no gloves)
MR     +....                    (no boots)
Stlth  ..........               (no amulet)
                                B - ring of Shaolin {EV+8}
                                I - +3 ring of strength

@: agile, lethally poisoned (-7 -> -11), heroism, finesse, very slightly
contaminated, hasted, invisible, very quick
A: retaliatory headbutt, horns 3, repulsion field 1, slimy green scales 1, agile
1, blurry vision 1, high mp 1, slow regeneration 1
a: Heroism, Finesse, Renounce Religion


You were on level 2 of the Orcish Mines.
You worshipped Okawaru.
Okawaru was exalted by your worship.
You were near starving.

You visited 4 branches of the dungeon, and saw 20 of its levels.
You also visited: Labyrinth.

You collected 1932 gold pieces.

Inventory:

Hand Weapons
 C - a +3 scimitar of flaming
 D - a +8 triple sword of freezing (weapon)
 Y - the +6 scimitar of Soidwoan {slice, rN++ MR+}
   (Okawaru gifted it to you on level 6 of the Lair of Beasts)

   It inflicts extra damage upon your enemies.
   It greatly protects you from negative energy.
   It affects your resistance to hostile enchantments.
Armour
 c - a +0 shield
 h - the +1 ring mail of the Raven {rF+++ Int-3 Slay-4 SInv, unknown}
   (Okawaru gifted it to you on level 2 of the Orcish Mines)

   It affects your intelligence (-3).
   It affects your accuracy and damage with ranged weapons and melee attacks
   (-4).
   It renders you almost immune to fire.
   It lets you see invisible.
 m - a +2 hat
 J - the +13 plate armour of Integrity (worn) {rF+ Dex+3}
   (Okawaru gifted it to you on level 3 of the Lair of Beasts)

   It affects your dexterity (+3).
   It protects you from fire.
Jewellery
 B - the ring of Shaolin (right hand) {EV+8}
   (You found it on level 7 of the Dungeon)

   [ring of evasion]

   It affects your evasion (+8).
 I - a +3 ring of strength (left hand)
 P - an uncursed ring of positive energy
Wands
 t - a wand of iceblast (15/15)
 u - a wand of paralysis (11/24)
 v - a wand of hasting (2/9)
 N - a wand of confusion (26/48)
 W - a wand of disintegration (9/24)
Scrolls
 e - a scroll of recharging
 i - 13 scrolls of remove curse
 n - a scroll of blinking
 R - a scroll of teleportation
 S - a scroll of magic mapping
Potions
 b - 2 potions of ambrosia
 p - 2 potions of invisibility
 r - a potion of agility
 x - 7 potions of flight
 G - 2 potions of cure mutation
Comestibles
 a - 30 fruits
 f - 10 bread rations
 g - 5 beef jerkies
 k - a slice of pizza
 q - 6 meat rations
 U - a royal jelly


   Skills:
 + Level 13.8(18.8) Fighting
 * Level 18.9(23.9) Long Blades
 + Level 14.2(19.2) Armour
 - Level 10.0(15.0) Shields
 - Level 8.1 Invocations
 - Level 7.0 Evocations


You had 14 spell levels left.
You didn't know any spells.

Dungeon Overview and Level Annotations

Branches:
Dungeon (11/15)            Temple (1/1) D:6            Lair (6/6) D:11
  Swamp (0/4) Lair:2        Snake (0/4) Lair:4        Slime (0/5) Lair:5
    Orc (2/2) D:11            Elf (0/3) Orc:2

Altars:
Ashenzari
Cheibriados
Dithmenos
Elyvilon
Fedhas
Gozag
Hepliaklqana
Kikubaaqudgha
Makhleb
Nemelex Xobeh
Okawaru
Qazlal
Ru
Sif Muna
Trog
Uskayaw
Vehumet
Xom
Yredelemnul
Zin
The Shining One

Shops:
Orc:1 [%   Orc:2 %?(


Innate Abilities, Weirdness & Mutations

You reflexively headbutt those who attack you in melee.
You have a pair of large horns on your head.
You are surrounded by a mild repulsion field. (EV +2)
You are partially covered in slimy green scales. (AC +2)
You are agile. (Dex +2)
Scrolls take you a little longer to read.
You have an increased reservoir of magic. (+10% MP)
You regenerate slowly when monsters are visible.


Message History

You slice the orange demon!! You freeze the orange demon.
You kill the orange demon!
You strike the helpless orc warrior from behind!
You carve the orc warrior like a ham!!! You freeze the orc warrior.
You kill the orc warrior!
Okawaru accepts your kill.
An orc warrior comes into view. It is wielding a long sword.
You feel sick.
The orc warrior shouts!
The orc high priest completely misses you.
You riposte.
You slice the orc high priest!! You freeze the orc high priest.
Your headbutt misses the orc high priest.
The orc high priest is almost dead.
The orc sorcerer gestures wildly while chanting.
You hear a roar!
Items here: ( ))) [[ † You feel sick.
The orc high priest mumbles some strange prayers to Beogh against you.
Beogh smites you!
You die...

##...#....##
##∩.#.....## ..
#.....#..## ...
##∩.#.....## ....
##...#....##
#.#.#
##....#...##
#...#
##.)))))..##
#o..#
##)(###...##
##4..#
##))###@..###3o4#
#
##).###..o#.4)##
# ##).###.#3#o##
# ##..###oo.##
##..###.##
##..#### #####
#######..##
##.#.##
##....##...##
#.....##
#...........###
##.<...#


You could see 3 orc high priests and a smoke demon.

Vanquished Creatures
  Saint Roka (Orc:2)
  Gastronok (Lair:3)
  The ghost of Gitz the Severer, a journeyman MiFi of the Shining One (Lair:6)
  An orc warlord (Orc:2)
  The ghost of Chifra the Fighter, a journeyman DsGl of Kikubaaqudgha (Lair:6)
  A minotaur (Lab)
  Josephine (D:10)
  6 hydras
  3 catoblepae (Lair:6)
  A centaur warrior (D:10)
  Erica (D:10)
  An orc high priest (Orc:2)
  9 death yaks (Lair:6)
  A shock serpent (Lair:4)
  2 sun demons (Orc:2)
  3 hill giants (D:11)
  3 orc knights
  A cyclops (D:11)
  An ugly thing (D:11)
  21 elephants
  The ghost of Gitz the Shield-Bearer, a novice TrFi of the Shining One (D:5)
  Joseph (D:10)
  A torpor snail (Lair:5)
  18 spiny frogs
  3 rime drakes
  7 komodo dragons
  2 minotaur zombies (Lab)
  An ice devil (Orc:2)
  3 trolls
  2 two-headed ogres (D:9)
  15 blink frogs
  6 dream sheep (Lair:6)
  Grinder (D:3)
  3 hippogriffs
  60 yaks
  4 wraiths (D:10)
  A wyvern (Lair:6)
  2 basilisks (Lair:1)
  Eustachio (D:6)
  2 hungry ghosts
  A steam dragon (D:11)
  A warg (Orc:1)
  4 nagas (Lair:4)
  11 water moccasins
  5 swamp worms (Lair:2)
  Duvessa (D:4)
  33 orc warriors
  10 porcupines
  5 sky beasts
  2 ice beasts
  A black bear (D:9)
  6 ogres
  4 wolves (Lair:3)
  7 centaurs
  15 crocodiles
  A big kobold (D:10)
  15 bullfrogs
  A wyvern zombie (D:11)
  A water moccasin zombie (D:5)
  Dowan (D:4)
  A wyvern skeleton (D:11)
  2 scorpions
  20 killer bees
  6 wights
  6 electric eels
  6 howler monkeys
  4 crimson imps
  A bullfrog zombie (D:5)
  A bullfrog skeleton (D:5)
  11 hounds
  18 orc wizards
  A jelly (D:5)
  20 orc priests
  4 iguanas
  12 worker ants
  7 hell rats (Lair:6)
  A killer bee zombie (D:6)
  2 hound skeletons (D:11)
  A worker ant zombie (D:9)
  Robin (D:4)
  6 gnolls
  14 adders
  3 shadow imps
  An ooze (D:5)
  2 worms
  2 dart slugs
  7 leopard geckos
  73 orcs
  17 giant cockroaches
  9 goblins
  7 hobgoblins
  3 jackals (D:1)
  6 quokkas
  A ball python (D:4)
  6 bats
  5 frilled lizards
  A jackal skeleton (D:4)
  10 kobolds
  2 leopard gecko skeletons
  A quokka skeleton (D:4)
  A quokka zombie (D:6)
  3 rats
624 creatures vanquished.

Vanquished Creatures (others)
  9 fungi (Lair:6)
  23 plants
32 creatures vanquished.

Grand Total: 656 creatures vanquished

Notes
Turn   | Place    | Note
-------+----------+-------------------------------------------
     0 | D:1      | Kisielow the Minotaur Fighter began the quest for the Orb.
     0 | D:1      | Reached XP level 1. HP: 19/19 MP: 0/0
    52 | D:1      | Reached skill level 3 in Long Blades
   208 | D:1      | Reached XP level 2. HP: 24/26 MP: 1/1
   825 | D:2      | Reached skill level 4 in Long Blades
  1015 | D:2      | Reached XP level 3. HP: 31/31 MP: 2/2
  1114 | D:2      | Found a basalt altar of Yredelemnul.
  1132 | D:2      | Reached skill level 5 in Long Blades
  1169 | D:2      | Reached XP level 4. HP: 39/39 MP: 3/3
  1780 | D:2      | Found a shattered altar of Ashenzari.
  1782 | D:2      | Found a basalt altar of Yredelemnul.
  1787 | D:2      | Found an iron altar of Okawaru.
  1789 | D:2      | Found a shimmering altar of Xom.
  1795 | D:2      | Became a worshipper of Warmaster Okawaru
  2204 | D:3      | Found a faded altar of an unknown god.
  2231 | D:3      | Noticed Grinder
  2235 | D:3      | Paralysed by Grinder for 3 turns
  2244 | D:3      | Killed Grinder
  2244 | D:3      | Reached skill level 6 in Long Blades
  2244 | D:3      | Reached XP level 5. HP: 11/47 MP: 4/4
  2244 | D:3      | Reached XP level 6. HP: 13/53 MP: 5/5
  2773 | D:4      | Noticed Robin
  2786 | D:4      | Killed Robin
  3138 | D:4      | Reached * piety under Okawaru
  3247 | D:4      | Reached skill level 5 in Shields
  3262 | D:4      | Reached skill level 7 in Long Blades
  3392 | D:4      | Reached skill level 5 in Armour
  3392 | D:4      | Reached XP level 7. HP: 60/60 MP: 6/6
  3425 | D:4      | Found a bloodstained altar of Trog.
  3594 | D:4      | Noticed Duvessa
  3596 | D:4      | Noticed Dowan
  3604 | D:4      | Killed Duvessa
  3604 | D:4      | Reached skill level 5 in Fighting
  3608 | D:4      | Killed Dowan
  3790 | D:4      | Found a sparkling altar of Nemelex Xobeh.
  3951 | D:5      | Entered Level 5 of the Dungeon
  3954 | D:5      | Noticed Gitz's ghost (novice TrFi)
  3977 | D:5      | Killed Gitz's ghost
  3977 | D:5      | Reached ** piety under Okawaru
  3977 | D:5      | Reached skill level 8 in Long Blades
  3977 | D:5      | Reached XP level 8. HP: 35/70 MP: 7/7
  3980 | D:5      | Found a glowing golden altar of the Shining One.
  4394 | D:5      | Reached skill level 9 in Long Blades
  5055 | D:6      | Found a staircase to the Ecumenical Temple.
  5062 | D:6      | Noticed Eustachio
  5073 | D:6      | Reached *** piety under Okawaru
  5078 | D:6      | Killed Eustachio
  5094 | Temple   | Entered the Ecumenical Temple
  5406 | D:6      | Reached XP level 9. HP: 78/78 MP: 8/8
  5411 | D:6      | Gained mutation: You are frail. (-10% HP) [mutagenic meat]
  5412 | D:6      | Gained mutation: Your body sometimes deteriorates upon taking damage. [mutagenic meat]
  5413 | D:6      | Gained mutation: Your system is resistant to poisons. (rPois) [mutagenic meat]
  5414 | D:6      | Gained mutation: Your body often deteriorates upon taking damage. [mutagenic meat]
  5415 | D:6      | Gained mutation: You have a pair of large horns on your head. [mutagenic meat]
  5550 | D:6      | Reached skill level 10 in Long Blades
  6381 | D:7      | Gained mutation: Armour fits poorly on your strangely shaped body. [mutagenic meat]
  6383 | D:7      | Gained mutation: You are surrounded by a mild repulsion field. (EV +2) [mutagenic meat]
  6658 | D:7      | Reached **** piety under Okawaru
  6910 | D:7      | Found a deep blue altar of Sif Muna.
  7052 | D:8      | Reached skill level 11 in Long Blades
  7100 | D:8      | Lost mutation: Your body often deteriorates upon taking damage. [potion of cure mutation]
  7100 | D:8      | Lost mutation: You are frail. (-10% HP) [potion of cure mutation]
  7100 | D:8      | Lost mutation: Your body sometimes deteriorates upon taking damage. [potion of cure mutation]
  7100 | D:8      | Lost mutation: You have a pair of large horns on your head. [potion of cure mutation]
  7100 | D:8      | Lost mutation: Your system is resistant to poisons. (rPois) [potion of cure mutation]
  7100 | D:8      | Lost mutation: Armour fits poorly on your strangely shaped body. [potion of cure mutation]
  7525 | D:8      | Reached XP level 10. HP: 82/89 MP: 9/9
  8017 | D:9      | Found a snail-covered altar of Cheibriados.
  8424 | D:9      | Reached ***** piety under Okawaru
  8430 | D:9      | Reached skill level 12 in Long Blades
  8856 | D:10     | Entered Level 10 of the Dungeon
  8917 | D:10     | Noticed Erica
  8925 | D:10     | Killed Erica
  8925 | D:10     | Received a gift from Okawaru
  9033 | D:10     | Noticed Joseph
  9036 | D:10     | Noticed a centaur warrior
  9043 | D:10     | Killed a centaur warrior
  9043 | D:10     | Reached skill level 13 in Long Blades
  9043 | D:10     | Reached XP level 11. HP: 40/97 MP: 10/10
  9048 | D:10     | Killed Joseph
  9454 | D:10     | Reached skill level 10 in Armour
  9717 | D:10     | Noticed Josephine
  9722 | D:10     | Killed Josephine
  9732 | D:10     | Reached skill level 10 in Fighting
  9847 | D:10     | Reached skill level 10 in Shields
  9851 | D:10     | Reached skill level 1 in Invocations
  9851 | D:10     | Reached skill level 1 in Evocations
 10559 | D:11     | Found a staircase to the Orcish Mines.
 10634 | D:11     | Noticed a hill giant
 10635 | D:11     | Reached ****** piety under Okawaru
 10640 | D:11     | Killed a hill giant
 10640 | D:11     | Received a gift from Okawaru
 10802 | D:11     | Noticed a brown ugly thing
 10814 | D:11     | Killed a green ugly thing
 11150 | D:11     | Found a staircase to the Lair.
 11197 | D:11     | Noticed a hill giant
 11200 | D:11     | Reached skill level 5 in Invocations
 11216 | D:11     | Killed a hill giant
 11216 | D:11     | Reached skill level 5 in Evocations
 11224 | D:11     | Reached XP level 12. HP: 36/106 MP: 12/15
 11756 | Lair:1   | Entered Level 1 of the Lair of Beasts
 12611 | Lair:1   | Noticed a six-headed hydra
 12619 | Lair:1   | Killed a two-headed hydra
 13459 | Lair:2   | Received a gift from Okawaru
 13553 | Lair:2   | Reached skill level 14 in Long Blades
 14130 | Lair:2   | Found a staircase to the Swamp.
 14583 | Lair:3   | Reached XP level 13. HP: 102/115 MP: 18/18
 14648 | Lair:3   | Found a labyrinth entrance.
 14720 | Lair:3   | Noticed Gastronok
 14737 | Lair:3   | Killed Gastronok
 14737 | Lair:3   | Reached skill level 15 in Long Blades
 14766 | Lab      | Entered a labyrinth
 15224 | Lab      | Noticed a minotaur
 15228 | Lab      | Killed a minotaur
 15233 | Lab      | Got a transparent jade ring
 15236 | Lab      | Got a slimy hand axe
 15281 | Lab      | Identified the ring of Ydwim {-Tele MR+ Dex+6} (You found it in a labyrinth)
 15296 | Lair:3   | Identified the +7 hand axe of World's End {vamp, Int+4 Stlth+} (You found it in a labyrinth)
 15585 | Lair:3   | Received a gift from Okawaru
 15600 | Lair:3   | Got a crude plate armour {god gift}
 15611 | Lair:3   | Identified the +13 plate armour of Integrity {rF+ Dex+3} (Okawaru gifted it to you on level 3 of the Lair of Beasts)
 16232 | Lair:4   | Reached skill level 16 in Long Blades
 16382 | Lair:4   | Found a staircase to the Snake Pit.
 17340 | Lair:5   | Found a basalt altar of Yredelemnul.
 17409 | Lair:5   | Found a staircase to the Slime Pits.
 18096 | Lair:6   | Entered Level 6 of the Lair of Beasts
 18177 | Lair:6   | Reached XP level 14. HP: 125/126 MP: 19/19
 18299 | Lair:6   | Reached skill level 17 in Long Blades
 18429 | Lair:6   | Noticed Gitz's ghost (journeyman MiFi)
 18438 | Lair:6   | Killed Gitz's ghost
 18643 | Lair:6   | Received a gift from Okawaru
 19475 | Lair:6   | Noticed Chifra's ghost (journeyman DsGl)
 19501 | Lair:6   | Killed Chifra's ghost
 19501 | Lair:6   | Reached skill level 18 in Long Blades
 19509 | Lair:6   | Received a gift from Okawaru
 19525 | Lair:6   | Got a faintly glowing scimitar {god gift}
 19527 | Lair:6   | Identified the +6 scimitar of Soidwoan {slice, rN++ MR+} (Okawaru gifted it to you on level 6 of the Lair of Beasts)
 19584 | Lair:6   | Got an ancient ring mail
 19595 | Lair:6   | Identified the +1 ring mail of Impatience {Regen+} (You found it on level 6 of the Lair of Beasts)
 20323 | Orc:1    | Entered Level 1 of the Orcish Mines
 20408 | Orc:1    | Found Lideatamp's Armour Emporium.
 20534 | Orc:1    | Found Zuoth's Food Boutique.
 20602 | Orc:2    | Entered Level 2 of the Orcish Mines
 20602 | Orc:2    | Found Toatem's Weapon Shoppe.
 20789 | Orc:2    | Found Qaopamab's Magic Scroll Boutique.
 20799 | Orc:2    | Received a gift from Okawaru
 20801 | Orc:2    | Found Kucuboug's Food Shop.
 20868 | Orc:2    | Got a faintly humming ring mail {god gift}
 21263 | Orc:2    | Found a staircase to the Elven Halls.
 21290 | Orc:2    | Noticed an orc warlord
 21316 | Orc:2    | Killed an orc warlord
 21400 | Orc:2    | Noticed Saint Roka
 21414 | Orc:2    | Gained mutation: Scrolls take you a little longer to read. [potion of mutation]
 21414 | Orc:2    | Gained mutation: You have an increased reservoir of magic. (+10% MP) [potion of mutation]
 21415 | Orc:2    | Gained mutation: You regenerate slowly when monsters are visible. [potion of mutation]
 21415 | Orc:2    | Gained mutation: You are partially covered in slimy green scales. (AC +2) [potion of mutation]
 21415 | Orc:2    | Gained mutation: You are agile. (Dex +2) [potion of mutation]
 21440 | Orc:2    | Gained mutation: You have a pair of large horns on your head. [potion of beneficial mutation]
 21445 | Orc:2    | Killed Saint Roka
 21445 | Orc:2    | Reached XP level 15. HP: 26/137 MP: 15/22
 22103 | Orc:2    | Killed from afar by an orc high priest

Skill      XL: |  1  2  3  4  5  6  7  8  9 10 11 12 13 14 |
---------------+-------------------------------------------+-----
Long Blades    | 3 4 5 6 7 8 9 11 13 14 16 18 | 18.9
Fighting       | 4 5 6 8 9 10 12 13 | 13.8
Armour         | 4 5 7 8 9 10 11 12 14 | 14.2
Shields        | 4 5 6 7 8 9 10 | 10.0
Invocations    | 5 8 |  8.1
Evocations     | 5 7 |  7.0

Action                   |  1- 3 |  4- 6 |  7- 9 | 10-12 | 13-15 || total
-------------------------+-------+-------+-------+-------+-------++-------
Melee: Long sword        |    97 |   111 |       |       |       ||   208
       Headbutt          |    10 |    23 |    66 |   139 |   139 ||   377
       Unarmed           |       |     2 |       |       |       ||     2
       Falchion          |       |    28 |   301 |   141 |       ||   470
       Triple sword      |       |       |       |   323 |   479 ||   802
       Scimitar          |       |       |       |     5 |    26 ||    31
Invok: Heroism           |       |       |       |     1 |     6 ||     7
       Finesse           |       |       |       |       |     6 ||     6
Evoke: Wand              |       |       |       |     1 |     3 ||     4
  Use: Potion            |       |     1 |    12 |     2 |     7 ||    22
       Scroll            |       |       |    16 |     8 |     5 ||    29
 Stab: Invisible         |       |       |       |       |     4 ||     4
  Eat: Chunk             |     1 |     7 |    17 |    23 |    19 ||    67
       Meat ration       |       |       |     1 |       |     1 ||     2
       Beef jerky        |       |       |       |     1 |       ||     1
Armor: Scale mail        |    54 |    51 |    67 |       |       ||   172
       Plate armour      |       |       |       |   150 |   209 ||   359
Dodge: Dodged            |    29 |    32 |    98 |   361 |   454 ||   974
Block: Shield            |    58 |    77 |   137 |    46 |       ||   318
       Rpst.: Long sword |     9 |     5 |       |       |       ||    14
       Falchion          |       |     1 |    21 |    20 |       ||    42
       Triple sword      |       |       |       |    82 |   109 ||   191
       Scimitar          |       |       |       |       |     5 ||     5
